 Dungeon Crawl Stone Soup version 0.23-a0-41-g8b50da7 (webtiles) character file.

48 zishaf the Insei (level 3, 0/26 HPs)
             Began as a Vampire Transmuter on Aug 6, 2018.
             Slain by Grinder (2 damage)
             ... while paralysed by Grinder
             ... on level 2 of the Dungeon.
             The game lasted 00:08:40 (2988 turns).

zishaf the Insei (Vampire Transmuter)               Turns: 2988, Time: 00:08:40

Health: 0/26       AC:  6    Str:  9    XL:     3   Next: 50%
Magic:  6/6        EV:  2    Int: 16    God:
Gold:   157        SH:  0    Dex: 14    Spells: 5/6 levels left

rFire    . . .     SeeInvis +     - Unarmed
rCold    . . .     Gourm    .   (no shield)
rNeg     + . .     Faith    .   c - +0 steam dragon scales
rPois    +         Spirit   .   (no helmet)
rElec    .         Reflect  .   (no cloak)
rCorr    .         Harm     .   (no gloves)
MR       .....                  k - +0 pair of boots
Stlth    +.........             (no amulet)
HPRegen  0.08/turn              j - ring of poison resistance
MPRegen  0.10/turn              (no ring)

@: paralysed, appendage
A: fangs 3, horns 2, see invisible, unbreathing
a: Bat Form, End Transformation


You were on level 2 of the Dungeon.
You were not thirsty.
You had grown temporary horns.
You visited 1 branch of the dungeon, and saw 3 of its levels.

You collected 157 gold pieces.

Inventory:

Missiles
 a - 72 arrows
Armour
 b - a +0 robe
 c - +0 steam dragon scales (worn)
 k - a +0 pair of boots (worn)
Jewellery
 j - a ring of poison resistance (left hand)
Scrolls
 g - a scroll of fear {unknown}
 h - 3 scrolls of identify {unknown}
 l - 2 scrolls of blinking {unknown}
 m - a scroll of enchant armour {unknown}
 n - a scroll of immolation {unknown}
 s - 3 scrolls of fog {unknown}
 t - a scroll of teleportation {unknown}
Potions
 d - 5 potions of blood
 e - 2 potions of might {unknown}
 f - a potion of degeneration {unknown}
 i - a potion of curing {unknown}
 o - a potion of invisibility {unknown}
 p - a potion of mutation {unknown}
 r - 2 potions of agility {unknown}
Comestibles
 q - a ration


   Skills:
 + Level 1.6 Fighting
 + Level 2.8 Dodging
 + Level 3.7 Unarmed Combat
 - Level 2.0 Spellcasting
 + Level 2.9 Transmutations


You had 5 spell levels left.
You knew the following spells:

 Your Spells              Type           Power        Failure   Level  Hunger
a - Beastly Appendage     Tmut           ##....       6%          1    #......

Your spell library contained the following spells:

 Spells                   Type           Power        Failure   Level  Hunger
 Spider Form              Tmut/Pois      #.........   34%         3    ###....
 Blade Hands              Tmut           ##........   86%         5    ######.
 Ice Form                 Ice/Tmut       #.......     75%         4    #####..
 Sticks to Snakes         Tmut           ##......     10%         2    ###....


Dungeon Overview and Level Annotations

Branches:
Dungeon (3/15)

Altars:

Annotations:
D:2 Grinder


Innate Abilities, Weirdness & Mutations

You have razor-sharp teeth.
You have supernaturally acute eyesight. (SInv)
You can survive without breathing.
You have a pair of horns on your head.


Message History

Level annotation: Grinder Grinder gestures at you.
Pain shoots through your body!
There is a stone staircase leading up here.
Grinder blinks!
You barely miss Grinder. You bite Grinder, but do no damage. Grinder hits you.
You writhe in agony.
You hit Grinder but do no damage. You hit Grinder.
Grinder is lightly wounded.
Grinder gestures at you.
You suddenly lose the ability to move!
Grinder gestures at you.
You shrug off the repeated paralysis!
Grinder hits you.
You writhe in agony.
Grinder hits you. Grinder hits you!
* * * LOW HITPOINT WARNING * * *
You writhe in agony.
You die...

#...# #[.....# ## #...#
#......# ##. #...#
#......## ##.. ###.#
#.......### #...
#.###.....>)..# #...
##..........##.# #...
##............#.# #...
#....5..........###...
#....@............##..
####.....................
#........................
####...<..........####...
##............## #...
##..........######...
#####.#...........#...
####........#......#...#.
##....##..#............#..


You could see Grinder.

Vanquished Creatures
  An ooze (D:1)
  A worm (D:2)
  A dart slug (D:1)
  A leopard gecko (D:2)
  3 orcs
  A giant cockroach (D:1)
  4 hobgoblins
  10 bats
  4 goblins
  7 kobolds
  4 rats
37 creatures vanquished.

Notes
Turn   | Place    | Note
-------+----------+-------------------------------------------
     0 | D:1      | zishaf the Vampire Transmuter began the quest for the Orb.
     0 | D:1      | Reached XP level 1. HP: 14/14 MP: 3/3
   134 | D:1      | Reached skill level 1 in Fighting
   199 | D:1      | Reached XP level 2. HP: 11/21 MP: 5/5
   929 | D:2      | Reached XP level 3. HP: 18/26 MP: 6/6
  1139 | D:2      | Found a faded altar of an unknown god.
  1436 | D:3      | Noticed Grinder
  2426 | D:2      | Paralysed by Grinder for 3 turns
  2837 | D:2      | Paralysed by Grinder for 3 turns
  2984 | D:2      | Paralysed by Grinder for 6 turns
  2988 | D:2      | Slain by Grinder

Vault maps used:
D:1:      dpeg_arrival_snail
D:2:      chequers_ecumenical_altar_simple
D:3:      chequers_temple_overflow_statue_of_worship, item_on_display_a,
          uniq_robin, uniq_grinder

Skill      XL: |  1 |
---------------+----+-----
Fighting       | 1 |  1.6
Dodging        | |  2.8
Unarmed Combat | |  3.7
Spellcasting   | |  2.0
Transmutations | |  2.9

Action                   || total
-------------------------++-------
Melee: Unarmed           ||   179
       Bite              ||    13
       Punch             ||     2
 Cast: Beastly Appendage ||     2
 Abil: End Transformatio ||     1
       Bat Form          ||     1
  Use: Potion            ||     4
 Stab: Sleeping          ||     2
Armor: Steam dragon scal ||    62
Dodge: Dodged            ||   145

Table legend:
 A = Spawn XP
 B = Non-spawn XP
 C = Spawn XP percentage of total XP
 D = Spawn monster count
 E = Non-spawn monster count
 F = Spawn count percentage of total count
 G = Total turns spent on level
                    A         B        C        D         E        F      G
               +---------+---------+-------+---------+---------+-------+---------
         Total |       0 |      69 |   0.0 |       0 |      37 |   0.0 |  2988
               +---------+---------+-------+---------+---------+-------+---------
           D:1 |       0 |      35 |   0.0 |       0 |      22 |   0.0 |  1429
           D:2 |       0 |      25 |   0.0 |       0 |      11 |   0.0 |  1412
           D:3 |       0 |       9 |   0.0 |       0 |       4 |   0.0 |   147
               +---------+---------+-------+---------+---------+-------+---------
